 Dungeon Sprint DCSS version 0.29.1-15-g9cfb28693d (webtiles) character file.

Game seed: 8034116291482411369

14900000 Groucho the Intangible (level 27, -83/150 (174) HPs)
             Began as a Spriggan Abyssal Knight on Feb 22, 2023.
             Was the Champion of Makhleb.
             Killed from afar by a wretched soul (97 damage)
             ... with a bolt of negative energy
             ... in the Dungeon (Sprint VIII: "Arena of Blood").
             The game lasted 00:07:33 (149 turns).

Groucho the Intangible (Spriggan Abyssal Knight)     Turns: 149, Time: 00:07:34

HP:   -83/150 (174) AC:  4    Str:  9    XL:     27
MP:   44/55         EV: 50    Int: 15    God:    Makhleb [******]
Gold: 0             SH:  0    Dex: 26    Spells: 80/80 levels left

rFire   . . .      SeeInvis +   i - +∞ Axe of Woe
rCold   . . .      Faith    .   (shield currently unavailable)
rNeg    . . .      Spirit   .   b - +0 robe
rPois   .          Reflect  .   (helmet restricted)
rElec   .          Harm     .   (no cloak)
rCorr   .          Rampage  .   (gloves unavailable)
Will    ++++.      NoTele   +   (boots unavailable)
Stlth   ++++++++++              (no amulet)
HPRegen 0.35/turn               k - +250 ring of slaying
MPRegen 0.34/turn               d - +200 ring of slaying

@: heavily drained, very quick
A: very small, no large weapons, unfitting armour, see invisible, speed 3
a: Renounce Religion, Minor Destruction, Lesser Servant of Makhleb, Major
Destruction, Greater Servant of Makhleb


You were in the Dungeon.
You worshipped Makhleb.
Makhleb was exalted by your worship.
You visited 1 branch

Inventory:

Hand Weapons
 a - a +1 hand axe
 i - the +∞ Axe of Woe (weapon)
   (You found it in the Dungeon)
Armour
 b - a +0 robe (worn)
Jewellery
 d - a +200 ring of slaying (right hand)
 e - a +200 ring of slaying
 j - a +30 ring of slaying
 k - a +250 ring of slaying (left hand)
 l - a +250 ring of slaying
 m - a +200 ring of slaying
 n - a +200 ring of slaying
 o - a +200 ring of slaying
 p - a +200 ring of slaying
 q - a +200 ring of slaying
 r - a +200 ring of slaying
 s - a +200 ring of slaying
 t - a +250 ring of slaying
 u - a +200 ring of slaying
 v - a +200 ring of slaying
Scrolls
 h - a scroll of blinking
Potions
 f - 2 potions of magic
 g - a potion of berserk rage


   Skills:
 O Level 27 Fighting
 O Level 27 Short Blades
 O Level 27 Long Blades
 O Level 27 Axes
 O Level 27 Maces & Flails
 O Level 27 Polearms
 O Level 27 Staves
 O Level 27 Ranged Weapons
 O Level 27 Throwing
 O Level 27 Armour
 O Level 27 Dodging
 O Level 27 Stealth
 O Level 27 Shields
 O Level 27 Unarmed Combat
 O Level 27 Spellcasting
 O Level 27 Conjurations
 O Level 27 Hexes
 O Level 27 Summonings
 O Level 27 Necromancy
 O Level 27 Translocations
 O Level 27 Transmutations
 O Level 27 Fire Magic
 O Level 27 Ice Magic
 O Level 27 Air Magic
 O Level 27 Earth Magic
 O Level 27 Poison Magic
 O Level 27 Invocations
 O Level 27 Evocations


You had 80 spell levels left.
You didn't know any spells.
Your spell library was empty.

Dungeon Overview and Level Annotations

Branches:
Dungeon (1/1)

Altars:
Makhleb

Annotations:
D The Defiler


Innate Abilities, Weirdness & Mutations

You are very small and have problems with some larger weapons.
You are too small for most types of armour.
You have supernaturally acute eyesight. (SInv)
You cover ground extremely quickly. (Speed+++)


Message History

You hear a shout! x2
The Defiler comes into view.
He is wielding a +9 vorpal demon whip.
A dread comes into view.
The scourge throws poison sting at you. The poison arrow misses you.
An observer comes into view.
You hear a shout! x2
Unknown command.
d - a +200 ring of slaying (right hand)
You hear a shout! x2
The eight-headed meat hydra calls on the powers of darkness!
The eight-headed meat hydra convulses!
The scourge convulses!
The fleshlord convulses!
The meat berserker convulses!
Your body is wracked with pain!
The meat berserker convulses!
You hear a shout!
The tyrant waves its bony arms in wide circles.
The air twists around and strikes you!!!
* * * LOW HITPOINT WARNING * * *
You hear a shout!
A destroyer comes into view. It is wielding a +9 vorpal great sword.
You hear a roar!
You hear a shout! x3
Unknown command.
You feel better.
You hear a shout!
You hear a roar!
You hear a shout! x2
The scourge throws poison sting at you. The poison arrow misses you.
The dread throws damnation at you.
The sphere of damnation explodes!
The damnation engulfs you!
* * * LOW HITPOINT WARNING * * *
You hear a shout!
The eight-headed meat hydra calls on the powers of darkness!
The eight-headed meat hydra convulses!
The scourge convulses!
Your body is wracked with pain!
* * * LOW HITPOINT WARNING * * *
The meat berserker convulses!
The wretched soul breathes negative energy at you.
The bolt of negative energy hits you!!!!
You feel drained.
Ouch! That really hurt!
You die...

.. ...o... L..
..... #.. ....# .
#.D ...# D.
.2###.. ...###O.o
.D....###...O@...
....S.._W.zp.....
. #.)))p# .... ...
#_)@)_# .....
....O#.)z))#..D...
...V...)_))W......
......)###).......
.W###.O ...###...
. #.o ....# ..
#.......#
.V.......
...........


You could see a meat beast (fast), a tyrant, 2 eight-headed meat hydras, 2
destroyers, a scourge, 2 fleshlords, 2 sculptors of flesh, 2 large bags of meat,
The Defiler, 2 dreads, a meat berserker (berserk), a wretched soul (invisible)
and a bag of meat.

Vanquished Creatures
  3 hell knights (D)
  9 hell beasts (D)
  5 royal mummies (D)
  3 great orbs of eyes (D)
  3 wraiths (D)
  Harold (D)
  12 vampire knights (D)
  30 ogres (D)
  2 two-headed ogres (D)
  9 liches (D)
  3 hydras (D)
  5 phantoms (D)
  56 orcs (D)
  5 skeletal warriors (D)
  4 sea snakes (D)
150 creatures vanquished.

Notes
Turn   | Place    | Note
-------+----------+-------------------------------------------
     0 | D        | Found the +∞ Axe of Woe
     0 | D        | Groucho the Spriggan Abyssal Knight began the quest for the
                  | Orb.
     0 | D        | Reached XP level 1. HP: 11/11 MP: 3/3
     1 | D        | Noticed a bag of meat
     2 | D        | Noticed a meat berserker
     2 | D        | Noticed a bag of meat
     3 | D        | Noticed a meat berserker
     4 | D        | Fell from the grace of Lugonu
     4 | D        | Became a worshipper of Makhleb the Destroyer
     4 | D        | Noticed a bag of meat
     4 | D        | Noticed a bag of meat
     4 | D        | Noticed a meat berserker
     5 | D        | Killed a meat berserker
     5 | D        | Noticed a bag of meat
     6 | D        | Reached XP level 2. HP: 16/16 MP: 4/4
     6 | D        | Reached XP level 3. HP: 19/19 MP: 5/5
     6 | D        | Reached XP level 4. HP: 23/23 MP: 6/6
     6 | D        | Reached XP level 5. HP: 27/27 MP: 7/7
     6 | D        | Reached XP level 6. HP: 32/32 MP: 8/8
     6 | D        | Reached XP level 7. HP: 35/35 MP: 9/9
     6 | D        | Reached XP level 8. HP: 39/39 MP: 10/10
     6 | D        | Reached XP level 9. HP: 43/43 MP: 11/11
     6 | D        | Reached XP level 10. HP: 47/47 MP: 12/12
     6 | D        | Reached XP level 11. HP: 51/51 MP: 13/13
     6 | D        | Killed a meat berserker
     6 | D        | Reached * piety under Makhleb
     6 | D        | Killed a bag of meat
     7 | D        | Reached skill level 27 in Dodging
     7 | D        | Reached XP level 12. HP: 56/56 MP: 14/14
     7 | D        | Reached XP level 13. HP: 59/59 MP: 15/15
     7 | D        | Noticed a bag of meat
     8 | D        | Killed a meat berserker
     8 | D        | Noticed a bag of meat
     9 | D        | Reached XP level 14. HP: 63/63 MP: 16/16
     9 | D        | Killed a bag of meat
     9 | D        | Reached ** piety under Makhleb
     9 | D        | Noticed a meat berserker
    10 | D        | Reached skill level 27 in Axes
    10 | D        | Reached skill level 5 in Armour
    10 | D        | Killed a bag of meat
    10 | D        | Noticed a bag of meat
    11 | D        | Killed a bag of meat
    11 | D        | Killed a bag of meat
    11 | D        | Reached *** piety under Makhleb
    12 | D        | Reached XP level 15. HP: 86/86 MP: 17/17
    12 | D        | Noticed a meat berserker
    12 | D        | Noticed a meat berserker
    12 | D        | Noticed a meat berserker
    13 | D        | Killed a meat berserker
    14 | D        | Reached skill level 15 in Fighting
    15 | D        | Reached **** piety under Makhleb
    16 | D        | Reached skill level 15 in Armour
    18 | D        | Killed a meat berserker
    19 | D        | Reached skill level 15 in Invocations
    19 | D        | Reached XP level 16. HP: 100/100 MP: 17/28
    19 | D        | Noticed a destroyer
    20 | D        | Killed a meat berserker
    21 | D        | Killed a meat berserker
    21 | D        | Reached ***** piety under Makhleb
    21 | D        | Noticed a destroyer
    22 | D        | Noticed a meat berserker
    23 | D        | Killed a destroyer
    24 | D        | Reached XP level 17. HP: 112/112 MP: 18/33
    26 | D        | Noticed a meat berserker
    27 | D        | Killed a destroyer
    27 | D        | Noticed a destroyer
    28 | D        | Noticed an eight-headed meat hydra
    28 | D        | Noticed an eight-headed meat hydra
    29 | D        | Killed a nine-headed meat hydra
    29 | D        | Killed a meat berserker
    30 | D        | Reached skill level 27 in Invocations
    30 | D        | Reached XP level 18. HP: 126/126 MP: 19/36
    30 | D        | Noticed The Servant
    30 | D        | Noticed a meat berserker
    32 | D        | Reached skill level 27 in Fighting
    32 | D        | Noticed a meat berserker
    32 | D        | Noticed a destroyer
    33 | D        | Noticed a large bag of meat
    33 | D        | Noticed a destroyer
    34 | D        | Killed a meat berserker
    34 | D        | Reached ****** piety under Makhleb
    34 | D        | Killed a nine-headed meat hydra
    35 | D        | Reached skill level 27 in Armour
    35 | D        | Reached skill level 1 in Short Blades
    35 | D        | Reached skill level 1 in Long Blades
    35 | D        | Reached skill level 1 in Maces & Flails
    35 | D        | Reached skill level 1 in Polearms
    35 | D        | Reached skill level 1 in Staves
    35 | D        | Reached skill level 1 in Ranged Weapons
    35 | D        | Reached skill level 1 in Throwing
    35 | D        | Reached skill level 1 in Shields
    35 | D        | Reached skill level 1 in Unarmed Combat
    35 | D        | Reached skill level 1 in Conjurations
    35 | D        | Reached skill level 1 in Summonings
    35 | D        | Reached skill level 1 in Necromancy
    35 | D        | Reached skill level 1 in Fire Magic
    35 | D        | Reached skill level 1 in Ice Magic
    35 | D        | Reached skill level 1 in Air Magic
    35 | D        | Reached skill level 1 in Earth Magic
    35 | D        | Reached skill level 1 in Poison Magic
    35 | D        | Killed a meat berserker
    35 | D        | Noticed a destroyer
    36 | D        | Reached XP level 19. HP: 132/132 MP: 20/37
    36 | D        | Killed a destroyer
    37 | D        | Reached skill level 5 in Short Blades
    37 | D        | Reached skill level 5 in Spellcasting
    37 | D        | Reached skill level 5 in Hexes
    37 | D        | Reached skill level 5 in Poison Magic
    37 | D        | Killed a meat berserker
    38 | D        | Reached skill level 5 in Long Blades
    38 | D        | Reached skill level 5 in Ranged Weapons
    38 | D        | Reached skill level 5 in Throwing
    38 | D        | Reached skill level 5 in Summonings
    38 | D        | Reached skill level 5 in Necromancy
    38 | D        | Reached skill level 5 in Fire Magic
    38 | D        | Reached skill level 5 in Air Magic
    38 | D        | Reached skill level 5 in Earth Magic
    39 | D        | Reached skill level 5 in Unarmed Combat
    39 | D        | Reached skill level 5 in Ice Magic
    40 | D        | Killed The Servant
    41 | D        | Reached skill level 5 in Maces & Flails
    41 | D        | Reached skill level 5 in Polearms
    41 | D        | Reached skill level 5 in Staves
    41 | D        | Reached skill level 5 in Conjurations
    41 | D        | Reached skill level 10 in Transmutations
    41 | D        | Reached skill level 10 in Evocations
    41 | D        | Killed a destroyer
    42 | D        | Reached skill level 10 in Spellcasting
    42 | D        | Reached skill level 10 in Hexes
    42 | D        | Reached XP level 20. HP: 137/137 MP: 21/38
    42 | D        | Noticed a meat berserker
    42 | D        | Noticed a meat berserker
    44 | D        | Reached skill level 10 in Short Blades
    45 | D        | Noticed a tyrant
    45 | D        | Killed a destroyer
    45 | D        | Noticed a tyrant
    46 | D        | Reached skill level 10 in Ranged Weapons
    46 | D        | Reached skill level 10 in Throwing
    46 | D        | Reached skill level 10 in Poison Magic
    46 | D        | Killed a destroyer
    47 | D        | Reached skill level 10 in Necromancy
    47 | D        | Reached skill level 15 in Translocations
    47 | D        | Reached skill level 10 in Air Magic
    47 | D        | Reached skill level 10 in Earth Magic
    47 | D        | Noticed a tyrant
    47 | D        | Killed a tyrant
    48 | D        | Reached XP level 21. HP: 142/142 MP: 22/39
    49 | D        | Killed a tyrant
    50 | D        | Reached skill level 10 in Long Blades
    50 | D        | Reached skill level 10 in Unarmed Combat
    50 | D        | Reached skill level 10 in Summonings
    50 | D        | Reached skill level 15 in Transmutations
    50 | D        | Reached skill level 10 in Fire Magic
    50 | D        | Reached skill level 10 in Ice Magic
    50 | D        | Reached skill level 15 in Evocations
    51 | D        | Killed a large bag of meat
    54 | D        | Reached skill level 10 in Maces & Flails
    54 | D        | Reached skill level 10 in Polearms
    54 | D        | Reached skill level 10 in Staves
    54 | D        | Reached skill level 10 in Shields
    54 | D        | Reached skill level 15 in Spellcasting
    54 | D        | Reached skill level 10 in Conjurations
    54 | D        | Reached skill level 15 in Hexes
    55 | D        | Reached XP level 22. HP: 148/148 MP: 23/43
    55 | D        | Noticed an accursed
    55 | D        | Noticed a tyrant
    55 | D        | Noticed a tyrant
    57 | D        | Reached skill level 15 in Short Blades
    57 | D        | Noticed an accursed
    58 | D        | Killed a tyrant
    58 | D        | Killed an accursed
    58 | D        | Noticed a destroyer
    59 | D        | Reached skill level 15 in Ranged Weapons
    59 | D        | Reached skill level 15 in Throwing
    59 | D        | Reached skill level 15 in Poison Magic
    61 | D        | Noticed a destroyer
    61 | D        | Noticed an accursed
    62 | D        | Reached XP level 23. HP: 49/153 MP: 25/46
    62 | D        | Noticed a meat beast
    62 | D        | Noticed a large bag of meat
    63 | D        | Reached skill level 15 in Necromancy
    63 | D        | Reached skill level 15 in Air Magic
    63 | D        | Reached skill level 15 in Earth Magic
    63 | D        | Noticed a tyrant
    66 | D        | Killed a tyrant
    66 | D        | Killed a meat beast
    67 | D        | Reached skill level 15 in Long Blades
    67 | D        | Reached skill level 15 in Unarmed Combat
    67 | D        | Reached skill level 15 in Summonings
    67 | D        | Reached skill level 15 in Fire Magic
    67 | D        | Reached skill level 15 in Ice Magic
    67 | D        | Reached XP level 24. HP: 142/158 MP: 26/49
    69 | D        | Killed a destroyer
    69 | D        | Killed a tyrant
    69 | D        | Noticed an accursed
    70 | D        | Reached skill level 15 in Maces & Flails
    70 | D        | Reached skill level 15 in Polearms
    70 | D        | Reached skill level 15 in Staves
    70 | D        | Reached skill level 15 in Shields
    70 | D        | Reached skill level 15 in Conjurations
    70 | D        | Killed an accursed
    71 | D        | Reached skill level 27 in Translocations
    71 | D        | Reached XP level 25. HP: 163/163 MP: 26/51
    71 | D        | Killed a tyrant
    72 | D        | Killed an accursed
    72 | D        | Killed a large bag of meat
    72 | D        | Noticed a meat beast
    72 | D        | Noticed a destroyer
    72 | D        | Noticed a dread
    73 | D        | Noticed a meat beast
    73 | D        | Noticed a destroyer
    74 | D        | Reached skill level 27 in Transmutations
    74 | D        | Reached skill level 27 in Evocations
    74 | D        | Killed a destroyer
    74 | D        | Killed a destroyer
    75 | D        | Reached XP level 26. HP: 134/169 MP: 28/53
    75 | D        | Noticed a dread
    76 | D        | Killed a meat beast
    76 | D        | Noticed a meat beast
    77 | D        | Reached skill level 27 in Spellcasting
    77 | D        | Reached skill level 27 in Hexes
    77 | D        | Killed a meat beast
    77 | D        | Killed a destroyer
    77 | D        | Noticed a meat beast
    78 | D        | Reached XP level 27. HP: 114/174 MP: 29/55
    79 | D        | Noticed a meat beast
    80 | D        | Killed a dread
    80 | D        | Noticed a dread
    81 | D        | Reached skill level 27 in Short Blades
    81 | D        | Killed a meat beast
    82 | D        | Killed an accursed
    82 | D        | Killed a meat beast
    82 | D        | Noticed a meat beast
    83 | D        | Reached skill level 27 in Ranged Weapons
    83 | D        | Reached skill level 27 in Throwing
    83 | D        | Reached skill level 27 in Poison Magic
    84 | D        | Noticed a destroyer
    84 | D        | Noticed a destroyer
    85 | D        | Killed a dread
    85 | D        | Killed a meat beast
    86 | D        | Reached skill level 27 in Necromancy
    86 | D        | Reached skill level 27 in Air Magic
    86 | D        | Reached skill level 27 in Earth Magic
    86 | D        | Noticed a meat beast
    87 | D        | Killed a destroyer
    88 | D        | Killed a meat beast
    89 | D        | Reached skill level 27 in Long Blades
    89 | D        | Reached skill level 27 in Unarmed Combat
    89 | D        | Reached skill level 27 in Summonings
    89 | D        | Reached skill level 27 in Fire Magic
    89 | D        | Reached skill level 27 in Ice Magic
    89 | D        | Killed a destroyer
    90 | D        | Killed a meat beast
    90 | D        | Noticed a meat beast
    91 | D        | Reached skill level 27 in Maces & Flails
    91 | D        | Reached skill level 27 in Polearms
    91 | D        | Reached skill level 27 in Staves
    91 | D        | Reached skill level 27 in Shields
    91 | D        | Reached skill level 27 in Conjurations
    91 | D        | Reached skill level 27 in Stealth
    95 | D        | Killed a meat beast
    99 | D        | Noticed a tyrant
   100 | D        | Noticed a tyrant
   106 | D        | Noticed a tyrant
   109 | D        | Noticed a dread
   117 | D        | Killed a tyrant
   117 | D        | Killed a dread
   119 | D        | Killed a tyrant
   125 | D        | Noticed a fleshlord
   127 | D        | Killed a tyrant
   128 | D        | Noticed a fleshlord
   130 | D        | Killed a fleshlord
   133 | D        | Noticed a fleshlord
   136 | D        | Killed a fleshlord
   138 | D        | Noticed a fleshlord
   138 | D        | Noticed a large bag of meat
   138 | D        | Noticed an accursed
   140 | D        | Noticed a dread
   140 | D        | Killed a fleshlord
   140 | D        | Noticed a fleshlord
   140 | D        | Noticed a large bag of meat
   143 | D        | Noticed a tyrant
   145 | D        | Killed an accursed
   147 | D        | Noticed The Defiler
   147 | D        | Noticed a dread
   148 | D        | Noticed a destroyer
   149 | D        | Killed from afar by a wretched soul

Illustrated notes

Levels and vault maps discovered:
D:        meatsprint

Skill      XL: |  1  2  3  4  5  6  7  8  9 10 11 12 13 14 15 16 17 18 19 20 21 22 23 24 25 26 27 |
---------------+----------------------------------------------------------------------------------+-----
Axes           | 17 24 26 27 | 27.0
Dodging        | 26 27 | 27.0
Fighting       | 13 18 22 26 27 | 27.0
Armour         | 11 16 20 24 27 | 27.0
Invocations    | 15 22 27 | 27.0
Short Blades   | 3 9 12 14 17 20 21 24 26 27 | 27.0
Long Blades    | 2 7 9 11 13 15 17 19 21 27 | 27.0
Maces & Flails | 2 6 8 10 12 14 15 17 19 27 | 27.0
Polearms       | 2 6 8 10 12 14 15 17 19 27 | 27.0
Staves         | 2 6 8 10 12 14 15 17 19 27 | 27.0
Ranged Weapons | 3 8 11 13 15 18 19 22 24 27 | 27.0
Throwing       | 3 8 11 13 15 18 19 22 24 27 | 27.0
Shields        | 2 6 8 10 12 14 15 17 19 27 | 27.0
Unarmed Combat | 2 7 9 11 13 15 17 19 21 27 | 27.0
Spellcasting   | 3 10 13 16 18 21 23 25 27 | 27.0
Conjurations   | 2 6 8 10 12 14 15 17 19 27 | 27.0
Hexes          | 4 10 13 16 18 21 23 25 27 | 27.0
Summonings     | 2 7 9 11 13 15 17 19 21 27 | 27.0
Necromancy     | 2 8 10 12 14 17 18 20 23 27 | 27.0
Translocations | 4 12 15 18 21 25 27 | 27.0
Transmutations | 4 11 14 17 20 23 25 27 | 27.0
Fire Magic     | 2 7 9 11 13 15 17 19 21 27 | 27.0
Ice Magic      | 2 7 9 11 13 15 17 19 21 27 | 27.0
Air Magic      | 2 8 10 12 14 17 18 20 22 27 | 27.0
Earth Magic    | 2 8 10 12 14 17 18 20 23 27 | 27.0
Poison Magic   | 3 8 11 13 15 18 19 22 24 27 | 27.0
Evocations     | 4 11 14 17 20 23 24 27 | 27.0
Stealth        | 27 | 27.0

Action                   |  1- 3 |  4- 6 |  7- 9 | 10-12 | 13-15 | 16-18 | 19-21 | 22-24 | 25-27 || total
-------------------------+-------+-------+-------+-------+-------+-------+-------+-------+-------++-------
Melee: Broad axe         |     1 |       |       |     1 |     7 |     8 |    14 |    11 |    49 ||    91
  Use: Potion            |       |       |       |       |       |       |       |       |     3 ||     3
Armor: Robe              |       |       |       |       |       |       |       |       |     1 ||     1
Dodge: Dodged            |     1 |       |       |       |       |     2 |       |     1 |    13 ||    17
